AoeStats
← BlueThunder581

Black Forest

510222839Analyzed
2v2 RM · 2d ago on Sep 30, 2026· 67m 48s· 4 players
Game mode
Random Map
Map size
Medium (4 player)
Population
200
Speed
Normal
Resources
Standard
Victory
Conquest
Starting age
Dark Age
Ending age
Imperial Age
RankedLock teamsTeams togetherTeam positionsShared explorationLock speedFull tech treeHidden civsTurbo modeCheats
Victory
Defeat
777
+15
🇺🇸 Celts · United States
772
+15
🇲🇽 Huns · Mexico
820
-34
🇺🇸 Bulgarians · United States
697
-13
☯︎ PΔTΔS DΞ STΞΞL ☯
1:00 Loom
17:45 Feudal Age
19:25 Wheelbarrow
18:32 Horse Collar
18:43 Gold Mining
18:45 Stone Mining
18:44 Double-Bit Axe
22:27 Castle Age
23:08 Caravan
23:27 Bow Saw
23:19 Heavy Plow
29:10 Gold Shaft Mining
29:16 Stone Shaft Mining
31:00 Hand Cart
31:23 Forging
31:13 Scale Mail Armor
33:06 Ballistics
32:42 Murder Holes
32:58 Masonry
35:57 Imperial Age
35:02 Hamask
36:26 Iron Casting
36:07 Chain Mail Armor
37:00 Conscription
36:36 Northmen's Fury
36:55 Elite Jomsviking
37:45 Squires
37:31 Gambesons
37:42 Gambesons
37:45 Arson
37:57 Capped Ram
38:08 Elite Varangian Guard
38:55 Siege Ram
41:30 Blast Furnace
41:00 Plate Mail Armor
42:24 Onager
43:44 Siege Onager
BlueThunder581
0:47 Loom
11:46 Feudal Age
12:10 Horse Collar
12:18 Double-Bit Axe
15:03 Gold Mining
20:10 Castle Age
20:20 Stone Mining
21:02 Bow Saw
20:56 Heavy Plow
24:52 Scale Mail Armor
25:02 Forging
25:55 Wheelbarrow
25:06 Town Watch
25:45 Caravan
28:52 Fishing Lines
29:04 Arson
29:19 Fletching
33:07 Imperial Age
32:08 Fortified Wall
32:10 Stronghold
32:40 Chain Mail Armor
33:55 Hand Cart
33:55 Murder Holes
34:06 Siege Engineers
34:43 Capped Ram
35:49 Conscription
36:58 Siege Ram
37:20 Onager
38:10 Bodkin Arrow
39:41 Masonry
41:51 Iron Casting
45:35 Pikeman
48:54 Halberdier
50:16 Plate Mail Armor
59:17 Gillnets
Rubens12jack
10:36 Feudal Age
19:50 Castle Age
20:31 Double-Bit Axe
20:29 Horse Collar
23:41 Forging
26:06 Stone Mining
26:31 Bow Saw
27:00 Wheelbarrow
27:14 Gold Mining
30:47 Gold Shaft Mining
30:21 Fishing Lines
30:09 Pikeman
31:01 Scale Barding Armor
32:07 Marauders
32:36 Arson
35:50 Imperial Age
33:28 Husbandry
34:23 Hand Cart
34:16 Squires
34:54 Iron Casting
34:40 Heavy Plow
36:29 Chain Barding Armor
36:11 Gillnets
36:17 Elite Tarkan
39:11 Chemistry
38:33 Ballistics
39:17 Blast Furnace
42:24 Plate Barding Armor
41:22 Halberdier
44:02 Scale Mail Armor
51:22 Chain Mail Armor
53:32 Elite Skirmisher
55:27 Padded Archer Armor
55:17 Fletching
55:57 Man-at-Arms
57:17 Thumb Ring
56:33 Crossbowman
sanantoniosamurai
0:26 Loom
16:21 Feudal Age
17:59 Wheelbarrow
17:09 Town Watch
19:38 Double-Bit Axe
20:47 Padded Archer Armor
20:37 Fletching
20:57 Forging
20:48 Scale Mail Armor
20:53 Scale Barding Armor
23:40 Scale Barding Armor
24:30 Town Watch
25:00 Horse Collar
30:04 Castle Age
31:41 Chain Mail Armor
32:01 Iron Casting
31:46 Chain Barding Armor
31:21 Bodkin Arrow
31:41 Leather Archer Armor
32:04 Heavy Plow
33:42 Caravan
35:02 Town Patrol
36:21 Hand Cart
38:11 Gold Mining
38:11 Stone Mining
38:55 Redemption
40:28 Gold Shaft Mining
39:43 Stone Mining
44:26 Imperial Age
42:16 Pikeman
42:57 Squires
42:42 Arson
42:42 Gambesons
46:11 Halberdier
Connection lost

Rejoining the realm…

Still unreachable

The connection could not be restored.

Session expired

The server has moved on; the page needs a fresh start.